Map: Prion Terraces

Players

POX

  • Race: Protoss Protoss
  • League: Grandmaster

LiquidTLO (TLO) - Winner!

  • Race: Zerg Zerg
  • League: Master

Event: DreamHack ZOWIE Open Leipzig

VOD

Have the link to the VOD?

Description

Time

  • Played on: Jan. 22, 2016, 7:19 a.m.
  • Length: 9:56

All games in this series

Show
View Real Time Build Order
Export as new Build Order

POX Protoss 

Build Orders:  

Get SALT Encoding   

  12  0:00  Probe (Chrono Boost)  
  13  0:11  Probe (Chrono Boost)  
  14  0:18  Pylon  
  14  0:22  Probe (Chrono Boost)  
  15  0:36  Probe (Chrono Boost)  
  15  0:37  Gateway  
  16  0:46  Probe (Chrono Boost)  
  16  0:48  Assimilator  
  18  0:57  Probe (Chrono Boost)  
  18  1:07  Gateway  
  18  1:09  Probe (Chrono Boost)  
  19  1:27  Cybernetics Core  
  19  1:32  Pylon  
  19  1:47  Nexus  
  19  1:52  Probe (Chrono Boost)  
  20  2:02  Probe (Chrono Boost)  
  20  2:08  Adept (Chrono Boost)  
  25  2:09  Adept (Chrono Boost)  
  25  2:12  Warp Gate  
  25  2:13  Probe  
  26  2:25  Probe  
  27  2:36  Adept x2 (Chrono Boost)  
  31  2:39  Pylon  
  31  2:57  Probe  
  32  3:00  Probe  
  33  3:09  Probe (Chrono Boost)  
  33  3:11  Probe (Chrono Boost)  
  33  3:16  Robotics Facility  
  31  3:21  Probe (Chrono Boost)  
  31  3:23  Probe (Chrono Boost)  
  33  3:32  Probe (Chrono Boost)  
  33  3:33  Probe (Chrono Boost)  
  35  3:42  Probe (Chrono Boost)  
  35  3:44  Probe (Chrono Boost)  
  35  3:47  Assimilator  
  35  3:53  Probe (Chrono Boost)  
  35  3:55  Mothership Core (Chrono Boost)  
  36  3:57  Gateway  
  36  3:59  Gateway  
  36  4:03  Probe (Chrono Boost)  
  36  4:06  Gateway  
  37  4:11  Probe (Chrono Boost), Warp Prism (Chrono Boost)  
  37  4:14  Probe  
  41  4:19  Pylon  
  41  4:22  Probe  
  42  4:26  Pylon  
  42  4:29  Probe  
  43  4:32  Probe, Twilight Council  
  43  4:38  Gateway  
  44  4:41  Probe  
  44  4:43  Probe  
  44  4:45  Observer (Chrono Boost), Pylon  
  47  4:50  Sentry, Assimilator  
  49  4:52  Assimilator  
  49  4:53  Probe x2  
  51  5:04  Nexus  
  51  5:06  Observer (Chrono Boost)  
  52  5:09  Pylon  
  52  5:10  Pylon  
  52  5:12  Probe x2  
  54  5:22  Probe  
  54  5:24  Probe  
  54  5:28  Charge (Chrono Boost)  
  56  5:31  Pylon  
  56  5:33  Probe  
  57  5:36  Adept x2  
  57  5:38  Adept  
  57  5:41  Probe  
  64  5:47  Probe, Adept  
  67  5:53  Probe  
  67  5:55  Immortal  
  72  5:57  Probe  
  73  6:05  Probe  
  73  6:08  Probe  
  75  6:15  Sentry x2, Probe, Adept, Pylon  
  75  6:16  Adept  
  75  6:18  Probe x2  
  85  6:23  Pylon  
  86  6:29  Probe  
  86  6:30  Probe  
  88  6:36  Gateway  
  88  6:37  Gateway, Immortal (Chrono Boost)  
  91  6:42  Zealot  
  91  6:46  Gateway  
  93  6:50  Probe, Gateway  
  94  7:00  Probe  
  94  7:04  Zealot x2  
  94  7:05  Forge, Zealot x2  
  94  7:06  Probe  
  104  7:08  Forge  
  104  7:09  Assimilator  
  104  7:10  Probe x2  
  104  7:12  Assimilator  
  106  7:18  Probe  
  106  7:20  Immortal (Chrono Boost)  
  106  7:22  Probe  
  111  7:26  Zealot x2  
  116  7:33  Pylon  
  116  7:34  Pylon  
  116  7:35  Pylon x2  
  116  7:36  Pylon  
  116  7:42  Templar Archives  
  113  7:52  Zealot x4  
  113  7:53  Zealot x3  
  121  8:05  Probe  
  120  8:08  Probe, Zealot  
  117  8:17  Probe  
  112  8:21  Probe  
  112  8:24  Nexus  
  112  8:25  Stargate  
  107  8:29  Probe  
  107  8:33  Probe  
  109  8:35  Assimilator  
  109  8:40  Immortal  
  109  8:41  Probe  
  114  8:43  High Templar x4  
  114  8:45  Probe, High Templar  
  114  8:46  High Templar  
  127  8:52  Archon  
  127  8:53  Probe, Archon  
  127  8:54  Zealot x2  
  127  8:55  Archon  
  130  8:57  Probe  
  122  9:05  Probe  
  122  9:09  Probe, Oracle  
  124  9:16  Zealot x3  
  132  9:20  Zealot  
  134  9:25  Zealot  
  134  9:26  Zealot x2  
  128  9:42  Pylon x3  
  128  9:51  Zealot x6  
Show
View Real Time Build Order
Export as new Build Order

LiquidTLO Zerg - Winner!

Build Orders: Hatch First, Lurkers 

Get SALT Encoding   

  12  0:01  Drone  
  13  0:13  Overlord  
  13  0:17  Drone  
  14  0:32  Drone x2  
  16  0:38  Drone  
  17  0:54  Hatchery  
  17  0:57  Drone  
  17  1:00  Drone  
  18  1:09  Extractor  
  17  1:17  Spawning Pool  
  16  1:20  Drone  
  16  1:24  Drone  
  18  1:26  Extractor  
  18  1:32  Drone  
  18  1:39  Overlord  
  18  1:44  Extractor  
  18  1:52  Drone  
  19  2:05  Queen, Extractor  
  19  2:07  Drone  
  19  2:08  Queen  
  24  2:13  Metabolic Boost  
  24  2:18  Drone  
  25  2:23  Zergling x2  
  25  2:24  Drone  
  25  2:25  Extractor  
  27  2:33  Zergling x4  
  27  2:36  Zergling x2  
  30  2:43  Queen  
  32  2:45  Extractor  
  32  2:47  Zergling x2  
  32  2:49  Zergling x2  
  34  2:52  Overlord  
  34  2:56  Drone  
  35  3:00  Drone  
  34  3:06  Drone  
  34  3:10  Spore Crawler  
  34  3:11  Drone  
  33  3:13  Drone  
  33  3:17  Drone x2  
  37  3:21  Drone  
  37  3:23  Drone  
  37  3:24  Drone  
  37  3:26  Drone  
  40  3:29  Zergling x2  
  40  3:31  Zergling x2  
  40  3:34  Zergling x2  
  41  3:40  Zergling x2  
  41  3:42  Spore Crawler  
  41  3:46  Zergling x2  
  41  3:49  Drone  
  41  3:51  Drone  
  41  3:52  Drone x2  
  44  3:59  Hatchery  
  44  4:05  Overlord  
  44  4:07  Lair  
  44  4:11  Extractor  
  44  4:12  Drone  
  43  4:17  Drone  
  43  4:20  Roach Warren  
  43  4:23  Drone x2  
  44  4:24  Drone  
  44  4:25  Drone  
  44  4:28  Spore Crawler  
  44  4:34  Drone  
  44  4:35  Zergling x4  
  44  4:36  Zergling x2  
  44  4:37  Zergling x2  
  48  4:39  Drone  
  48  4:41  Extractor  
  48  4:43  Extractor  
  48  4:45  Zergling x4  
  49  4:46  Zergling x2  
  49  4:47  Zergling x2  
  49  4:51  Overlord  
  51  4:59  Drone  
  52  5:09  Drone, Hydralisk Den  
  52  5:10  Drone x2  
  52  5:11  Drone x2  
  52  5:13  Drone x2  
  58  5:15  Drone  
  58  5:17  Glial Reconstitution  
  58  5:20  Drone  
  60  5:24  Roach  
  60  5:27  Drone  
  60  5:28  Evolution Chamber  
  61  5:30  Drone  
  61  5:33  Overlord  
  62  5:38  Lurker Den  
  62  5:41  Drone  
  63  5:44  Overlord  
  63  5:49  Overlord  
  62  5:51  Roach  
  62  5:53  Roach  
  62  5:56  Zerg Missile Weapons Level 1  
  66  5:59  Hydralisk  
  66  6:02  Queen  
  70  6:07  Hydralisk  
  71  6:13  Spore Crawler  
  71  6:14  Ravager x3  
  71  6:15  Drone  
  71  6:17  Drone x5  
  79  6:18  Extractor x2  
  79  6:19  Hydralisk  
  79  6:29  Hydralisk  
  79  6:31  Drone x2  
  79  6:32  Drone x2  
  85  6:33  Overlord  
  85  6:34  Overlord  
  85  6:40  Overlord  
  85  6:42  Overlord  
  85  6:44  Overlord  
  85  6:45  Overlord  
  85  6:48  Overlord  
  85  6:59  Hydralisk x3  
  91  7:02  Hydralisk x3  
  91  7:05  Lurker x2  
  91  7:07  Lurker  
  101  7:08  Lurker  
  101  7:12  Hydralisk x2  
  105  7:18  Hydralisk  
  105  7:20  Hydralisk  
  105  7:21  Hydralisk  
  111  7:23  Roach  
  111  7:24  Roach x2  
  111  7:27  Roach  
  111  7:29  Roach  
  121  7:30  Roach  
  121  7:32  Roach  
  121  7:33  Overseer  
  125  7:37  Muscular Augments  
  125  7:38  Roach  
  125  7:42  Hydralisk  
  129  7:53  Hydralisk  
  129  7:54  Hydralisk  
  129  7:55  Lurker  
  129  7:57  Roach x2  
  134  7:59  Roach  
  127  8:09  Roach x3  
  127  8:10  Roach x2  
  127  8:11  Roach  
  137  8:16  Hydralisk  
  137  8:19  Drone x2  
  130  8:21  Hydralisk  
  130  8:22  Roach  
  129  8:28  Hydralisk  
  129  8:29  Drone x2  
  129  8:30  Drone, Hydralisk  
  129  8:32  Zergling x2  
  137  8:35  Overlord  
  137  8:40  Overlord x2  
  137  8:43  Overlord  
  137  8:45  Hatchery  
  136  8:49  Overlord, Lurker  
  136  8:55  Roach x2  
  138  8:56  Roach  
  138  8:57  Roach  
  138  8:58  Roach  
  143  9:03  Roach  
  143  9:05  Hydralisk, Roach  
  143  9:09  Hydralisk  
  149  9:13  Roach  
  149  9:15  Roach  
  154  9:20  Hydralisk  
  154  9:22  Hydralisk  
  157  9:24  Roach  
  157  9:26  Roach  
  157  9:31  Roach x2  

Tags
 
Add a new tag
Caveats
  • Supply blocks, unpowered buildings, or Contaminate may cause inaccurate times.
  • Supply counts are checked every 10 seconds.